Map: Thunderbird LE

Players

Mez - Winner!

  • Race: Terran Terran
  • League: Master
  • Spawn Location: 11:00

gbouille

  • Race: Protoss Protoss
  • League: Diamond
  • Spawn Location: 5:00

VOD

Have the link to the VOD?

Description

Time

  • Played on: Sept. 2, 2019, 7:35 a.m.
  • Length: 9:29
Show
View Real Time Build Order
Export as new Build Order

Mez Terran - Winner!

Build Orders: Reaper Expand 

Get SALT Encoding   

  12  0:00  SCV  
  13  0:12  SCV  
  14  0:17  Supply Depot  
  14  0:24  SCV  
  15  0:38  SCV  
  15  0:40  Barracks  
  16  0:46  Refinery  
  16  0:50  SCV  
  17  1:02  SCV  
  18  1:15  SCV  
  19  1:28  Orbital Command  
  19  1:35  Reaper  
  20  1:40  Command Center  
  20  1:48  Bunker  
  20  1:59  Supply Depot  
  20  2:00  SCV  
  21  2:09  Barracks Reactor  
  21  2:10  Marine  
  21  2:13  SCV  
  23  2:25  SCV  
  24  2:31  Barracks Reactor  
  24  2:33  Command Center  
  24  2:44  Factory  
  24  2:53  Orbital Command, SCV  
  25  3:00  Refinery  
  25  3:05  SCV  
  26  3:06  Marine  
  26  3:07  Marine  
  28  3:17  SCV  
  28  3:23  SCV  
  29  3:27  Marine x2  
  29  3:31  Widow Mine  
  29  3:33  Starport  
  33  3:38  SCV x2  
  35  3:46  Orbital Command  
  35  3:49  Refinery, Marine x2  
  35  3:53  SCV x2  
  35  3:54  Widow Mine  
  40  4:05  SCV  
  40  4:06  SCV  
  41  4:21  Factory Tech Lab  
  41  4:22  SCV x3  
  44  4:26  Marine x2  
  46  4:34  Barracks, SCV x2  
  46  4:36  Barracks  
  48  4:38  SCV  
  49  4:46  SCV  
  49  4:49  SCV  
  49  4:50  Raven  
  49  4:51  Marine, Factory Tech Lab, SCV  
  49  4:52  Marine  
  56  4:58  SCV  
  56  4:59  Refinery  
  57  5:00  Engineering Bay  
  57  5:01  SCV  
  57  5:03  Engineering Bay, SCV  
  59  5:10  SCV  
  59  5:11  Marine  
  61  5:19  Supply Depot  
  61  5:22  Supply Depot, Factory Reactor  
  61  5:25  Orbital Command  
  61  5:28  Terran Infantry Weapons Level 1  
  61  5:29  Terran Infantry Armor Level 1, SCV, Marine  
  63  5:38  Stimpack  
  63  5:39  SCV  
  63  5:42  Combat Shield, SCV  
  65  5:44  Marauder x2, Marine  
  65  5:47  Marine  
  65  5:49  Barracks  
  71  5:50  Barracks  
  71  5:55  SCV x2  
  73  5:59  Supply Depot  
  73  6:00  Supply Depot  
  73  6:01  SCV  
  74  6:05  Medivac x2, Factory Reactor  
  74  6:07  SCV x2  
  80  6:14  SCV  
  81  6:19  SCV x2  
  81  6:24  Supply Depot  
  81  6:25  Refinery  
  83  6:26  SCV  
  83  6:28  Supply Depot, Marine x2, Marauder x2  
  83  6:31  SCV x2  
  92  6:38  SCV  
  92  6:39  Barracks Tech Lab, Barracks Reactor  
  93  6:41  Medivac x2  
  93  6:43  Armory, SCV x2  
  99  6:49  Marine x2  
  99  6:50  SCV  
  99  6:51  Supply Depot  
  102  6:54  Supply Depot  
  102  6:55  SCV  
  102  6:57  Marine  
  102  6:58  Marauder x2  
  102  7:00  Concussive Shells  
  108  7:02  Widow Mine x2  
  108  7:07  Marine  
  108  7:08  SCV x2  
  115  7:12  Medivac x2  
  115  7:14  SCV  
  120  7:15  Refinery  
  120  7:18  Supply Depot  
  120  7:20  SCV  
  120  7:21  Supply Depot  
  121  7:23  Widow Mine x2  
  121  7:28  Marauder x3, Marine x2  
  133  7:34  Supply Depot  
  133  7:35  Supply Depot  
  133  7:40  Marine  
  134  7:50  Medivac x2  
  138  7:53  Marauder x2, Marine x3  
  138  7:54  Marauder, SCV  
  138  7:55  SCV  
  138  7:56  Starport, SCV  
  150  8:03  Marine  
  149  8:11  Marine  
  140  8:15  Marauder x2  
  141  8:24  Marauder, Marine x3  
  146  8:29  Command Center  
  146  8:36  Marauder x2  
  146  8:38  Marine  
  146  8:39  Viking  
  146  8:40  Viking  
  153  8:41  Viking x2  
  153  8:42  Marine  
  153  8:46  Marauder  
  158  8:57  Marauder  
  159  9:08  Marine x3  
  148  9:27  Barracks  
  148  9:28  Barracks  
  148  9:29  Barracks  
Show
View Real Time Build Order
Export as new Build Order

gbouille Protoss 

Build Orders: 1 Gate Expand 

Get SALT Encoding   

  12  0:00  Probe  
  13  0:13  Probe  
  14  0:17  Pylon  
  14  0:24  Probe  
  15  0:32  Probe  
  15  0:40  Gateway, Probe  
  16  0:46  Assimilator  
  17  0:54  Probe  
  18  1:07  Probe  
  19  1:19  Probe  
  20  1:28  Cybernetics Core  
  20  1:31  Probe  
  21  1:37  Nexus  
  21  1:44  Probe  
  22  1:47  Assimilator  
  22  1:54  Warp Gate  
  22  2:00  Probe  
  23  2:04  Pylon  
  23  2:12  Adept  
  23  2:22  Probe  
  26  2:39  Pylon  
  26  2:42  Stalker  
  27  2:52  Probe  
  28  3:04  Probe  
  28  3:06  Probe  
  28  3:12  Twilight Council  
  29  3:21  Probe  
  29  3:22  Probe, Sentry  
  33  3:29  Probe  
  33  3:30  Probe  
  34  3:38  Gateway  
  34  3:39  Probe, Robotics Facility  
  34  3:40  Probe  
  37  3:51  Probe  
  38  3:58  Probe  
  38  3:59  Probe  
  39  4:08  Blink  
  40  4:10  Probe  
  40  4:11  Probe  
  40  4:19  Stalker  
  40  4:22  Probe  
  43  4:25  Gateway, Probe  
  43  4:27  Observer  
  43  4:28  Forge  
  45  4:34  Pylon, Probe  
  45  4:37  Probe  
  47  4:39  Assimilator  
  47  4:40  Protoss Ground Weapons Level 1  
  47  4:46  Probe  
  47  4:48  Observer  
  47  4:49  Probe  
  47  4:51  Stalker  
  52  4:52  Stalker  
  52  4:58  Probe  
  52  4:59  Assimilator  
  55  5:01  Probe  
  55  5:02  Photon Cannon  
  56  5:07  Pylon  
  56  5:10  Probe  
  56  5:12  Observer  
  56  5:13  Probe  
  59  5:19  Stalker  
  61  5:22  Probe  
  61  5:25  Probe  
  61  5:27  Pylon  
  63  5:28  Immortal  
  63  5:34  Probe  
  64  5:37  Robotics Bay  
  68  5:44  Probe  
  68  5:45  Observer  
  69  5:55  Nexus  
  69  5:56  Pylon  
  69  5:58  Photon Cannon  
  69  6:13  Probe  
  69  6:14  Colossus  
  69  6:19  Probe  
  76  6:26  Shield Battery, Extended Thermal Lance  
  76  6:28  Shield Battery, Gateway  
  76  6:29  Gateway  
  76  6:31  Gateway  
  76  6:34  Zealot  
  78  6:41  Protoss Ground Weapons Level 2  
  79  6:47  Probe  
  79  6:49  Probe  
  80  6:58  Templar Archives  
  80  6:59  Colossus, Probe  
  80  7:00  Pylon  
  80  7:01  Pylon  
  81  7:02  Pylon  
  81  7:04  Assimilator, Charge  
  81  7:07  Gateway  
  81  7:08  Gateway  
  87  7:17  Zealot  
  87  7:21  Probe  
  90  7:23  Probe x2  
  90  7:28  Assimilator  
  92  7:34  Psionic Storm  
  92  7:35  Pylon  
  92  7:39  Probe x2  
  92  7:40  Pylon, Probe  
  92  7:42  Stalker  
  97  7:47  Colossus  
  103  8:00  Probe x2  
  103  8:01  Probe  
  106  8:12  Probe x2  
  101  8:19  Observer, Stalker x2  
  88  8:20  Stalker x5  
  90  8:33  Zealot  
  90  8:42  Zealot x3  
  90  8:43  Zealot x4  
  101  9:01  Zealot x2  
  101  9:02  Zealot  
  99  9:05  Zealot x5  
Tags
 
Add a new tag
Caveats
  • Supply blocks, unpowered buildings, or Contaminate may cause inaccurate times.
  • Supply counts are checked every 10 seconds.